 Seeded DCSS version 0.30-a0-509-gd016549fea (webtiles) character file.

Game seed: 16792993399291170163 (custom seed)

2324 purpskrrrp the Skirmisher (level 9, -12/61 HPs)
             Began as a Formicid Hunter on Dec 22, 2022.
             Was a Believer of Dithmenos.
             Mangled by an orc knight
             ... wielding a +0 war axe
              (15 damage)
             ... in a bailey.
             The game lasted 00:09:19 (6518 turns).

purpskrrrp the Skirmisher (Formicid Hunter)         Turns: 6518, Time: 00:09:19

Health: -12/61     AC:  9    Str: 22    XL:     9   Next: 69%
Magic:  0/9        EV: 11    Int: 15    God:    Dithmenos [**....]
Gold:   273        SH:  0    Dex: 21    Spells: 8/8 levels left

rFire   . . .      SeeInvis +    l - +4 hand crossbow (flame)
rCold   . . .      Faith    .    (no shield)
rNeg    . . .      Spirit   +    t - +4 ring mail of Yesterday {rElec rPois}
rPois   +          Reflect  .    (helmet unavailable)
rElec   +          Harm     .    (no cloak)
rCorr   .          Rampage  .    (no gloves)
Will    .....                    (no boots)
Stlth   ++........               m - amulet of guardian spirit
HPRegen 0.30/turn                A - +6 ring of strength
MPRegen 0.11/turn                k - +6 ring of intelligence

@: wreathed by umbra
A: permanent stasis, dig shafts and tunnels, antennae 3, four strong arms
a: Dig, Renounce Religion, Shadow Step


You were in a bailey.
You worshipped Dithmenos.
Dithmenos was pleased with you.
You visited 1 branch of the dungeon, and saw 8 of its levels.
You also visited: Bailey.

You collected 378 gold pieces.
You spent 105 gold pieces at shops.

Inventory:

Hand Weapons
 a - a +0 shortbow
 l - a +4 hand crossbow of flaming (weapon)
Armour
 c - a +0 leather armour
 t - the +4 ring mail of Yesterday (worn) {rElec rPois}
   (You acquired it on level 3 of the Dungeon)

   rElec:     It insulates you from electricity.
   rPois:     It protects you from poison.
Jewellery
 d - a ring of resist corrosion
 g - a ring of ice
 k - a +6 ring of intelligence (right hand)
 m - an amulet of guardian spirit (around neck)
 s - a ring of wizardry
 A - a +6 ring of strength (left hand)
Wands
 C - a wand of iceblast (15)
 E - a wand of flame (27)
Scrolls
 b - 3 scrolls of immolation
 e - 10 scrolls of identify {unknown}
 f - 2 scrolls of noise {unknown}
 h - 2 scrolls of vulnerability {unknown}
 j - 4 scrolls of teleportation {unknown}
 n - 4 scrolls of poison {unknown}
 o - a scroll of blinking
 p - a scroll of amnesia {unknown}
 r - 3 scrolls of magic mapping {unknown}
 w - a scroll of enchant armour {unknown}
 y - a scroll of torment {unknown}
Potions
 i - 2 potions of might {unknown}
 q - 3 potions of haste {unknown}
 u - a potion of mutation {unknown}
 v - a potion of attraction {unknown}
 x - a potion of curing {unknown}
 z - a potion of flight {unknown}
 B - a potion of berserk rage {unknown}
 D - a potion of invisibility {unknown}


   Skills:
 - Level 2.1 Fighting
 * Level 10.9 Ranged Weapons
 - Level 1.7 Dodging
 - Level 1.2 Stealth
 + Level 9.1 Shields


You had 8 spell levels left.
You didn't know any spells.
Your spell library contained the following spells:

 Spells                   Type           Power      Damage    Failure   Level
 Apportation              Tloc           0%         N/A       41%         1
 Kiss of Death            Conj/Necr      0%         2d5       41%         1
 Necrotise                Necr           0%         1d4       41%         1
 Summon Small Mammal      Summ           0%         N/A       41%         1
 Ensorcelled Hibernation  Hex/Ice        0%         N/A       54%         2
 Passwall                 Tmut/Erth      0%         N/A       54%         2
 Static Discharge         Conj/Air       0%         2-2/arc   54%         2
 Sublimation of Blood     Necr           0%         N/A       54%         2
 Call Canine Familiar     Summ           0%         N/A       78%         3
 Portal Projectile        Hex/Tloc       0%         N/A       78%         3
 Vampiric Draining        Necr           0%         2d6       78%         3
 Vhi's Electric Charge    Tloc/Air       0%         N/A       78%         3
 Leda's Liquefaction      Hex/Erth       0%         N/A       99%         4
 Summon Lightning Spire   Summ/Air       0%         N/A       99%         4
 Arcjolt                  Conj/Air       0%         1d10      100%        5
 Lightning Bolt           Conj/Air       0%         1d11      100%        5
 Storm Form               Tmut/Air       0%         N/A       100%        7
 Maxwell's Capacitive Co  Air            0%         ∞         100%        8
 Swiftness                Air            Unusable   N/A       N/A         3

Dungeon Overview and Level Annotations

Branches:
Dungeon (8/15)             Temple (0/1) D:7          Bailey (1/1)
   Lair: D:8-11

Altars:
Dithmenos
Kikubaaqudgha
Nemelex Xobeh
Okawaru
Uskayaw
Yredelemnul

Shops:
D:5 (?

Annotations:
D:4 1 runed translucent door, Iich's ghost, amateur MiFi
D:7 2 transporters, arthad's ghost, novice GrEE


Innate Abilities, Weirdness & Mutations

You cannot be hasted, slowed, berserked, paralysed or teleported.
You can dig through walls and to a lower floor.
You have a pair of large antennae on your head. (SInv)
Your four strong arms can wield two-handed weapons with a shield.


Message History

You shoot a bolt. The bolt closely misses the orc knight.
You shoot a bolt. The bolt closely misses the orc knight.
The kobold brigand throws a poisoned dart.
The poisoned dart misses you.
You shoot a bolt. The bolt hits the orc knight.
The bolt burns the orc knight.
The orc knight is lightly wounded.
The kobold brigand throws a poisoned dart.
The poisoned dart barely misses you.
You shoot a bolt. The bolt hits the orc knight!
The bolt burns the orc knight.
The orc knight is moderately wounded.
The orc knight hits you with a +0 war axe!!
The orc knight hits you with a +0 war axe!
The kobold brigand throws a poisoned dart.
The poisoned dart closely misses you.
You are too injured to fight recklessly!
You are too injured to fight recklessly!
You are too injured to fight recklessly!
You are too injured to fight recklessly!
As you read the scroll labelled HOETET APOISS, it crumbles to dust.
Your stasis prevents you from teleporting.
It was a scroll of blinking.
The orc knight hits you with a +0 war axe!
Okay, then.
Fire: l) +4 hand crossbow (flame)
Press: ? - help, Shift-Dir - straight line, f/p - orc knight
Aim: an orc knight, wielding a +0 war axe and wearing a +0 plate armour (moderately wounded, umbra, 72% to hit)
You shoot a bolt. The bolt hits the orc knight!
The bolt burns the orc knight.
The orc knight is heavily wounded.
The orc knight hits you with a +0 war axe.
* * * LOW HITPOINT WARNING * * *
Fire: l) +4 hand crossbow (flame)
Press: ? - help, Shift-Dir - straight line, f/p - orc knight
Aim: an orc knight, wielding a +0 war axe and wearing a +0 plate armour (heavily wounded, umbra, 72% to hit)
You shoot a bolt.
The bolt hits the orc knight but does no damage.
The orc knight is heavily wounded.
The orc knight hits you with a +0 war axe!
* * * LOW HITPOINT WARNING * * *
The orc knight hits you with a +0 war axe!
You die...

...~~.......~~.
###~~.......~~#
...~~.......~~.
###~~.......~~#
...~~.......~~.
###~~.......~~#
...~~.......~~.
###~~.......~~#
...~~..@K...~~.
###~~..o....~~#
##~.......~##
####'''####
..... $...?∩
..8...#
#..(..##


You could see an orc knight and a kobold brigand.

Vanquished Creatures
  A wyvern (D:7)
  2 water moccasins
  3 orc warriors (D:7)
  A sky beast (D:7)
  A black bear (D:5)
  2 ogres
  A centaur (D:6)
  A phantom (D:5)
  3 kobold brigands
  2 howler monkeys
  2 hounds (D:6)
  3 jellies
  6 orc priests
  A gnoll bouda (D:6)
  Jessica (D:3)
  3 iguanas
  4 orc wizards
  Robin (D:4)
  10 gnolls
  9 adders
  An ufetubus (D:4)
  2 worms (D:2)
  22 orcs
  8 ball pythons
  3 bats (D:1)
  6 endoplasms
  2 giant cockroaches (D:2)
  13 goblins
  11 hobgoblins
  5 jackals
  5 quokkas
  2 frilled lizards
  24 kobolds
  2 rats (D:1)
163 creatures vanquished.

Notes
Turn   | Place    | Note
-------+----------+-------------------------------------------
     0 | D:1      | purpskrrrp the Formicid Hunter began the quest for the Orb.
     0 | D:1      | Reached XP level 1. HP: 16/16 MP: 1/1
   131 | D:1      | Reached skill level 1 in Shields
   131 | D:1      | Reached XP level 2. HP: 22/22 MP: 2/2
   573 | D:1      | Reached XP level 3. HP: 27/27 MP: 3/3
  1066 | D:2      | Identified a scroll of acquirement
  1066 | D:2      | Acquired a +2 hand crossbow of flaming
  1156 | D:2      | Reached XP level 4. HP: 33/33 MP: 4/4
  1195 | D:2      | Reached skill level 5 in Ranged Weapons
  1463 | D:2      | Found a faded altar of an unknown god.
  1565 | D:2      | Prayed at the altar of an unknown god.
  1565 | D:2      | Became a worshipper of Kikubaaqudgha
  1565 | D:2      | Reached * piety under Kikubaaqudgha
  1565 | D:2      | Received a gift from Kikubaaqudgha
  1566 | D:2      | Fell from the grace of Kikubaaqudgha
  1965 | D:3      | Noticed Jessica
  1966 | D:3      | Killed Jessica
  1967 | D:3      | Reached XP level 5. HP: 38/38 MP: 5/5
  2282 | D:3      | Found a shadowy altar of Dithmenos.
  2286 | D:3      | Found an ancient bone altar of Kikubaaqudgha.
  2286 | D:3      | Found an iron altar of Okawaru.
  2294 | D:3      | Found a sparkling altar of Nemelex Xobeh.
  2297 | D:3      | Found a hide-covered altar of Uskayaw.
  2445 | D:3      | Became a worshipper of Dithmenos the Shadowed
  2491 | D:3      | Acquired the +4 ring mail of Yesterday {rElec rPois}
  2621 | D:4      | Noticed an ogre
  2623 | D:4      | Killed an ogre
  2624 | D:4      | Reached skill level 6 in Ranged Weapons
  2624 | D:4      | Reached XP level 6. HP: 44/44 MP: 6/6
  2820 | D:4      | Found a basalt altar of Yredelemnul.
  2914 | D:4      | Found a runed translucent door.
  2914 | D:4      | Noticed Iich's ghost (amateur MiFi)
  3041 | D:4      | Noticed Robin
  3045 | D:4      | Reached * piety under Dithmenos
  3048 | D:4      | Killed Robin
  3486 | D:5      | Entered Level 5 of the Dungeon
  3498 | D:5      | Reached XP level 7. HP: 50/50 MP: 7/7
  3503 | D:5      | Reached skill level 7 in Ranged Weapons
  3503 | D:5      | Reached skill level 5 in Shields
  3715 | D:5      | Found Utyak's Magic Scroll Emporium.
  3723 | D:5      | Bought a scroll of enchant weapon for 105 gold pieces
  3889 | D:5      | Found Toxkas's Antique Weapon Shop.
  4213 | D:5      | Reached skill level 8 in Ranged Weapons
  4213 | D:5      | Reached XP level 8. HP: 56/56 MP: 8/8
  5444 | D:7      | Noticed a wyvern
  5448 | D:7      | Killed a wyvern
  5449 | D:7      | Reached skill level 9 in Ranged Weapons
  5564 | D:7      | Reached XP level 9. HP: 61/61 MP: 9/9
  5575 | D:7      | Reached ** piety under Dithmenos
  5583 | D:7      | Found a staircase to the Ecumenical Temple.
  5593 | D:7      | Reached skill level 10 in Ranged Weapons
  5689 | D:7      | Noticed a two-headed ogre
  5752 | D:7      | Found a transporter.
  5752 | D:7      | Noticed arthad's ghost (novice GrEE)
  5789 | D:7      | Found a transporter.
  6168 | D:8      | Found a flagged portal.
  6197 | Bailey   | Entered a bailey
  6510 | Bailey   | Noticed an orc knight
  6518 | Bailey   | HP: 3/61 [orc knight/+0 war axe (11)]
  6518 | Bailey   | Mangled by an orc knight

Illustrated notes

Levels and vault maps discovered:
D:1:      lemuel_arrival_tunnels, layout_basic
D:2:      layout_basic, nicolae_ecumenical_lake_church, serial_forest,
          infiniplex_forest_clump_small, infiniplex_forest_clump_small,
          infiniplex_forest_straight_3, infiniplex_forest_straight_1,
          infiniplex_forest_lined_2
D:3:      layout_loops_corners, minmay_overflow_temple_star_hex, uniq_jessica
D:4:      layout_basic, yredelemnul_altar_generic, gammafunk_ghost_grave,
          uniq_robin
D:5:      layout_gridville, serial_shops, kennysheep_mini, abandoned_shop,
          nicolae_stop_n_shop_1
D:6:      layout_basic
D:7:      layout_cave_pools, minmay_temple_entry_offerings,
          gammafunk_ghost_arena
D:8:      layout_basic, mainiacjoe_overflow_24_doors, david_lair_generic,
          lightli_bailey_entry_fortress
Bailey:   bailey_axe_3, bailey

Skill      XL: |  1  2  3  4  5  6  7  8  9 |
---------------+----------------------------+-----
Shields        | 1 2 3 4 6 7 9 |  9.1
Ranged Weapons | 5 6 8 9 10 | 10.9
Fighting       | |  2.1
Dodging        | |  1.7
Stealth        | |  1.2

Action                   |  1- 3 |  4- 6 |  7- 9 || total
-------------------------+-------+-------+-------++-------
 Fire: Shortbow          |    54 |       |       ||    54
       Hand crossbow     |     8 |    74 |   170 ||   252
Invok: Renounce Religion |       |     1 |       ||     1
  Use: Scroll            |     1 |     1 |     3 ||     5
Armor: Leather armour    |    10 |     4 |       ||    14
       Ring mail         |       |     8 |    19 ||    27
Dodge: Dodged            |    13 |    21 |    48 ||    82

Table legend: (Time is in decaauts)
 A = Elapsed time spent in this place.
 B = Non-inter-level travel time spent in this place.
 C = Inter-level travel time spent in this place.
 D = Time resting spent in this place.
 E = Time spent auto-exploring this place.
 F = Levels seen in this place.
 G = Mean time per level.
                   A        B        C        D        E       F      G
               +--------+--------+--------+--------+--------+-----+--------+
         Total |   6691 |   6372 |    319 |    251 |   5253 |   9 |  743.4 |
       Dungeon |   6354 |   6035 |    319 |      0 |   5253 |   8 |  794.2 |
        Bailey |    336 |    336 |      0 |    251 |      0 |   1 |  336.0 |
               +--------+--------+--------+--------+--------+-----+--------+

Top non-repeatable levels by time:
     D:6: 1303 daAuts
     D:1: 1010 daAuts
     D:4: 974 daAuts
     D:3: 963 daAuts
     D:5: 806 daAuts
     D:7: 612 daAuts
     D:2: 608 daAuts
  Bailey: 336 daAuts
     D:8: 74 daAuts
